Map: Abyssal Reef LE

Players

StraightDraw - Winner!

  • Race: Zerg Zerg
  • League: Silver
  • Spawn Location: 11:00

SERGEY

  • Race: Terran Terran
  • Spawn Location: 5:00

VOD

Have the link to the VOD?

Description

Time

  • Played on: March 1, 2025, 7:40 a.m.
  • Length: 23:56
Show
View Real Time Build Order
Export as new Build Order

StraightDraw Zerg - Winner!

Build Orders: Hatch First 

Get SALT Encoding   

  12  0:01  Drone  
  13  0:16  Drone  
  14  0:34  Overlord  
  14  0:53  Drone  
  14  0:54  Drone x2  
  14  0:55  Hatchery  
  16  1:05  Drone  
  17  1:16  Drone  
  18  1:37  Spawning Pool  
  17  1:40  Extractor  
  17  1:41  Drone x2  
  18  1:52  Overlord  
  18  2:07  Drone  
  18  2:08  Drone  
  20  2:27  Zergling x6  
  23  2:34  Zergling x2  
  23  2:35  Zergling x2  
  25  2:44  Zergling x2  
  26  2:45  Zergling x2  
  27  2:55  Lair  
  27  2:58  Overlord  
  27  3:04  Overlord  
  27  3:12  Drone x3  
  30  3:19  Queen  
  32  3:26  Zergling x6  
  35  3:35  Extractor  
  35  3:36  Metabolic Boost  
  35  3:39  Drone  
  35  3:40  Drone  
  36  3:44  Drone  
  36  3:47  Drone  
  38  3:54  Queen  
  40  4:01  Zergling x4  
  42  4:22  Spire  
  42  4:23  Overlord x4  
  40  4:35  Spine Crawler  
  39  4:41  Zergling x2  
  39  4:42  Zergling x6  
  36  5:15  Queen  
  36  5:18  Drone  
  36  5:19  Drone x3  
  42  5:26  Drone x2  
  42  5:27  Drone x6  
  50  5:37  Extractor  
  50  5:38  Drone x2  
  51  5:48  Zerg Flyer Weapons Level 1  
  51  5:49  Mutalisk x2  
  55  5:57  Mutalisk  
  55  6:01  Drone x3  
  60  6:13  Extractor, Drone x3  
  62  6:28  Drone x2  
  62  6:29  Drone x2  
  66  6:33  Mutalisk x2  
  70  6:50  Drone  
  70  6:51  Hatchery, Drone  
  71  7:05  Mutalisk  
  71  7:06  Mutalisk x3  
  79  7:11  Mutalisk  
  81  7:30  Hydralisk Den  
  81  7:32  Evolution Chamber  
  81  7:34  Overlord x4, Evolution Chamber  
  81  7:35  Overlord x3  
  81  7:36  Infestation Pit  
  77  7:42  Zerg Flyer Armor Level 1  
  77  7:47  Mutalisk  
  77  7:48  Mutalisk  
  81  8:01  Grooved Spines  
  81  8:04  Mutalisk  
  83  8:08  Zergling x2  
  83  8:09  Zergling x10  
  89  8:14  Mutalisk  
  91  8:23  Mutalisk  
  93  8:31  Mutalisk  
  95  8:46  Queen  
  97  8:49  Zergling x24  
  97  8:54  Muscular Augments  
  109  8:57  Zerg Ground Armor Level 1  
  109  9:06  Zerg Missile Weapons Level 1  
  109  9:18  Zergling x2, Hydralisk  
  109  9:19  Zergling x12  
  109  9:20  Zergling x4  
  109  9:22  Hydralisk  
  109  9:24  Zergling x2  
  97  10:13  Mutalisk x2  
  97  10:14  Mutalisk x3  
  99  10:17  Mutalisk  
  109  10:30  Queen  
  111  10:51  Zerg Flyer Weapons Level 2, Zerg Melee Weapons Level 1  
  111  10:55  Zergling x2, Extractor, Hatchery  
  111  10:56  Zergling x18  
  119  10:59  Extractor  
  86  11:56  Corruptor x3  
  86  11:57  Mutalisk x4  
  98  12:07  Hydralisk x2  
  102  12:08  Zergling x2  
  102  12:09  Zergling x6, Hydralisk  
  102  12:10  Zergling x4  
  102  12:12  Hydralisk  
  112  12:19  Drone x2  
  114  12:30  Zerg Missile Weapons Level 2  
  114  12:43  Drone  
  114  12:44  Drone x10  
  125  12:53  Drone x4  
  129  13:07  Zerg Flyer Armor Level 2  
  129  13:44  Mutalisk  
  129  13:45  Mutalisk x9  
  141  14:26  Drone x2  
  143  14:35  Overlord x7  
  143  14:36  Overlord  
  143  14:37  Overlord x3  
  143  14:38  Overlord  
  143  15:05  Zerg Ground Armor Level 2  
  143  15:06  Zerg Melee Weapons Level 2  
  143  15:10  Hive  
  144  15:21  Drone x2  
  145  15:31  Hydralisk  
  145  15:32  Hydralisk x18  
  145  15:33  Hydralisk x4  
  191  15:35  Zergling x2  
  191  15:36  Zergling x10  
  191  15:38  Zergling x2  
  198  15:48  Zergling x2  
  199  16:08  Spore Crawler x2  
  199  16:09  Spore Crawler  
  196  16:20  Zergling x6  
  199  16:29  Hatchery  
  199  16:31  Extractor  
  197  16:38  Drone x2  
  105  17:31  Drone  
  105  17:32  Drone x6  
  105  17:33  Drone x4  
  116  17:52  Zerg Flyer Weapons Level 3  
  116  17:59  Ultralisk Cavern  
  116  18:04  Spore Crawler x2  
  113  18:14  Hydralisk x3  
  113  18:15  Hydralisk x6  
  113  18:16  Hydralisk x2  
  113  18:17  Hydralisk  
  113  18:18  Zergling x2  
  113  18:19  Zergling x12  
  145  18:20  Zergling x14  
  145  18:24  Zergling x10  
  145  18:25  Zergling x6  
  145  18:26  Zergling x10  
  164  19:03  Anabolic Synthesis  
  164  19:04  Extractor, Hatchery  
  164  19:05  Ultralisk x2  
  164  19:08  Extractor  
  173  19:16  Ultralisk  
  179  19:26  Ultralisk  
  185  19:35  Ultralisk  
  191  19:39  Corruptor  
  191  19:44  Mutalisk  
  191  19:45  Mutalisk, Chitinous Plating  
  197  19:47  Zergling x2  
  197  19:50  Hydralisk  
  200  20:29  Zerg Flyer Armor Level 3  
  200  20:57  Spore Crawler  
  200  20:58  Spore Crawler  
  200  20:59  Spore Crawler  
  200  21:00  Zergling x6  
  200  21:13  Zerg Missile Weapons Level 3, Zerg Ground Armor Level 3  
  170  22:19  Ultralisk x3, Mutalisk x4  
  170  22:20  Mutalisk  
  170  22:21  Zergling x2  
  132  23:10  Ultralisk x4, Mutalisk x3  
  132  23:11  Ultralisk, Mutalisk  
  132  23:12  Zergling x4  
  172  23:13  Zergling x42  
  172  23:14  Zergling x12  
Show
View Real Time Build Order
Export as new Build Order

SERGEY Terran 

Build Orders:  

Get SALT Encoding   

  12  0:01  SCV  
  13  0:16  SCV  
  14  0:24  Supply Depot  
  14  0:28  SCV  
  15  0:36  Refinery  
  15  0:45  SCV  
  16  0:54  Barracks  
  16  0:57  SCV  
  17  1:10  SCV  
  17  1:11  Barracks  
  18  1:15  Refinery  
  18  1:22  SCV  
  19  1:34  SCV  
  20  1:47  Supply Depot  
  20  1:48  Bunker  
  20  1:53  SCV  
  21  1:54  Bunker  
  21  2:08  Barracks Reactor  
  21  2:09  SCV  
  21  2:10  Barracks Reactor  
  22  2:21  SCV  
  23  2:33  SCV  
  24  2:45  SCV  
  24  2:47  Reaper x4  
  29  2:57  SCV  
  30  3:07  Supply Depot  
  30  3:13  Orbital Command  
  30  3:18  Supply Depot  
  30  3:19  Reaper  
  31  3:28  Reaper x3  
  34  3:45  Command Center  
  34  3:56  Engineering Bay  
  34  3:59  SCV  
  35  4:11  SCV  
  36  4:23  Marine x3, SCV  
  40  4:36  SCV  
  41  4:48  SCV  
  42  5:00  SCV  
  35  5:07  Marine x4  
  35  5:12  SCV  
  40  5:18  Command Center  
  40  5:24  SCV  
  41  5:34  Planetary Fortress  
  41  5:36  SCV  
  42  5:48  SCV  
  43  5:51  Refinery  
  43  5:52  Refinery  
  43  6:00  SCV  
  43  6:02  Factory  
  44  6:07  Marine x3, Factory  
  44  6:08  Marine  
  48  6:12  SCV  
  48  6:16  SCV  
  50  6:24  SCV  
  50  6:25  Marine x4  
  52  6:28  SCV  
  56  6:37  SCV  
  57  6:40  SCV  
  58  6:49  SCV  
  58  6:50  Starport  
  58  6:52  Starport  
  58  6:53  SCV  
  60  6:56  Factory Tech Lab  
  60  7:01  SCV  
  61  7:05  Factory Tech Lab, SCV  
  62  7:13  SCV  
  63  7:17  SCV  
  64  7:23  Factory Tech Lab  
  64  7:28  Factory Tech Lab  
  64  7:39  SCV  
  65  7:46  Starport Reactor  
  65  7:48  Planetary Fortress  
  65  7:49  Starport Tech Lab  
  66  7:51  SCV  
  66  7:52  Refinery x2  
  66  7:56  Bunker  
  66  7:57  Bunker  
  66  8:00  Siege Tank x2  
  66  8:03  SCV  
  66  8:04  SCV  
  74  8:15  SCV  
  74  8:16  SCV  
  76  8:23  Viking x3  
  82  8:27  SCV  
  82  8:28  SCV  
  82  8:32  Siege Tank  
  82  8:33  Siege Tank  
  90  8:39  SCV  
  90  8:40  SCV  
  92  8:51  SCV  
  92  8:52  SCV  
  92  8:53  Viking x3  
  100  8:59  Supply Depot  
  100  9:01  Supply Depot  
  100  9:02  Supply Depot  
  100  9:21  Siege Tank x2  
  100  9:23  Viking x3  
  112  9:29  Marine x4  
  99  9:46  Marine  
  99  9:47  Marine x3  
  91  9:59  Liberator  
  87  10:00  Liberator x2  
  87  10:04  Marine  
  87  10:05  Marine x3  
  96  10:19  Starport  
  96  10:21  Command Center  
  96  10:22  Marine x2  
  96  10:23  Marine x2  
  96  10:24  SCV  
  96  10:27  SCV  
  102  10:36  SCV  
  102  10:39  SCV  
  102  10:42  Liberator x2  
  104  10:43  Liberator  
  104  10:48  SCV  
  114  10:51  SCV  
  114  10:55  Command Center  
  115  11:00  SCV  
  115  11:02  Starport Reactor  
  115  11:04  SCV  
  117  11:13  SCV  
  117  11:16  SCV  
  114  11:38  Liberator  
  114  11:39  Liberator x4  
  120  12:07  Missile Turret  
  120  12:09  Missile Turret  
  120  12:11  Missile Turret  
  120  12:14  Missile Turret  
  120  12:29  SCV  
  121  12:35  Bunker  
  121  12:37  Bunker  
  121  12:39  Missile Turret x2  
  121  12:40  Missile Turret x2  
  121  12:41  SCV  
  121  12:42  Missile Turret x2  
  122  12:52  Planetary Fortress  
  122  12:53  SCV  
  122  12:56  Refinery x2  
  123  13:05  SCV  
  124  13:07  Viking x2  
  124  13:08  Viking x2  
  124  13:09  Viking  
  134  13:17  SCV  
  135  13:25  SCV  
  136  13:29  SCV  
  136  13:31  SCV  
  138  13:37  SCV  
  139  13:41  SCV  
  139  13:43  SCV  
  141  13:49  SCV  
  141  13:54  SCV  
  139  13:55  SCV  
  139  14:02  SCV  
  129  14:04  Viking x5  
  129  14:06  SCV  
  129  14:08  SCV  
  141  14:14  Marine x3, SCV  
  145  14:20  SCV  
  146  14:26  SCV  
  146  14:28  SCV  
  148  14:32  Marine x3  
  151  14:40  SCV  
  152  14:49  Marine  
  152  14:50  Bunker x2, Marine x2  
  152  14:52  Missile Turret x2  
  155  14:55  Missile Turret x2  
  155  14:56  Missile Turret x2  
  155  15:00  Planetary Fortress  
  155  15:06  Refinery x2  
  155  15:07  Marine x2  
  155  15:08  Marine  
  158  15:25  Marine  
  159  15:30  Command Center  
  159  15:37  Supply Depot  
  159  15:41  Viking x2  
  159  15:42  Viking x3  
  169  15:59  Barracks Reactor, Marine x2  
  169  16:03  SCV  
  172  16:06  SCV  
  173  16:15  SCV  
  173  16:17  Marine x2  
  176  16:18  SCV  
  176  16:19  Siege Tank  
  180  16:38  Siege Tank, Marine x2, SCV x2  
  187  16:50  SCV x2  
  187  16:54  Missile Turret, Bunker  
  189  16:55  Missile Turret  
  189  16:56  Marine x2  
  181  17:02  SCV x2  
  141  17:29  Siege Tank x2  
  147  17:31  Marine  
  147  17:32  Marine x3  
  147  17:36  Command Center  
  151  17:38  Command Center  
  151  17:44  Planetary Fortress  
  151  17:49  Marine x4  
  155  17:56  SCV  
  155  17:57  SCV  
  157  17:59  SCV  
  157  18:01  Siege Tank  
  157  18:02  Siege Tank  
  164  18:07  Marine x4  
  164  18:08  SCV  
  164  18:09  SCV  
  164  18:12  SCV  
  171  18:15  Liberator x5  
  186  18:20  SCV  
  186  18:21  SCV  
  188  18:47  Marine x2  
  188  18:48  Siege Tank, Marine x2, SCV x3  
  198  18:56  Bunker x2  
  198  19:00  SCV x2  
  200  19:08  Refinery  
  200  19:09  Refinery  
  200  19:15  Missile Turret  
  200  19:16  Missile Turret  
  200  19:17  Missile Turret  
  200  19:18  Missile Turret, Planetary Fortress  
  200  19:29  Engineering Bay  
  200  19:30  Armory x2  
  200  19:32  Armory  
  200  19:33  Fusion Core  
  200  20:03  Terran Infantry Armor Level 1  
  200  20:04  Terran Infantry Weapons Level 1  
  199  20:21  Terran Vehicle Weapons Level 1, Terran Ship Weapons Level 1, Terran Vehicle And Ship Armor Level 1  
  199  20:30  SCV  
  199  20:32  Planetary Fortress  
  200  20:39  Bunker  
  199  20:47  Bunker  
  199  20:52  Missile Turret  
  199  20:53  Starport  
  199  21:00  Barracks  
  199  21:15  Missile Turret  
  199  21:16  Missile Turret x3  
  199  21:19  Missile Turret  
  199  21:24  Refinery  
  199  21:34  Barracks  
  199  21:38  Refinery  
  199  21:49  Barracks  
  199  21:57  Siege Tank  
  176  22:10  Siege Tank  
  172  22:24  Medivac x2  
  172  22:29  Siege Tank  
  179  22:42  Siege Tank  
  105  23:01  Siege Tank  
  105  23:02  Marine x5  
  105  23:03  Marine x2  
  107  23:13  Liberator x2  
  107  23:14  Siege Tank  
  128  23:20  Marine x6  
  128  23:21  Marine  
  136  23:37  Marine  
Tags
 
League
Silver
Matchup
TvZ
Spawn Locations
Cross Positions
Add a new tag
Caveats
  • Supply blocks, unpowered buildings, or Contaminate may cause inaccurate times.
  • Supply counts are checked every 10 seconds.